 Dungeon Crawl Stone Soup version 0.28.0-53-g5a82cb258f (webtiles) character file.

Game seed: 17709231049564312095

21168 DungeonMaster the Thaumaturge (level 12, -9/74 HPs)
             Began as a Demonspawn Hedge Wizard on July 5, 2022.
             Was an Initiate of Gozag.
             Mangled by an orc warlord
             ... wielding a +1 glaive of freezing
              (26 damage)
             ... on level 9 of the Dungeon.
             The game lasted 00:54:26 (20261 turns).

DungeonMaster the Thaumaturge (DsWz)               Turns: 20261, Time: 00:54:26

Health: -9/74      AC: 16    Str: 10    XL:     12   Next: 51%
Magic:  8/26       EV: 14    Int: 20    God:    Gozag
Gold:   1466       SH: 15    Dex: 14    Spells: 20/31 levels left

rFire   + . .      SeeInvis .   a - +2 rapier (flame)
rCold   . . .      Faith    .   N - +0 kite shield
rNeg    + . .      Spirit   .   b - +1 robe
rPois   .          Reflect  +   c - +1 hat
rElec   .          Harm     .   X - +2 cloak {Will+}
rCorr   +          Rampage  .   Z - +0 pair of gloves {infuse}
Will    +....                   r - +0 pair of boots
Stlth   ++........              S - amulet of Gefyos {Reflect rF+ rN+ rCorr SH+5}
HPRegen 0.22/turn               f - +4 ring of evasion
MPRegen 0.20/turn               Q - +4 ring of protection

@: no status effects
A: hooves 1, slimy green scales 2, foul stench 2, powered by death 1
a: Renounce Religion, Potion Petition, Call Merchant, Bribe Branch


You were on level 9 of the Dungeon.
You worshipped Gozag.
Gozag was most pleased with you.
You visited 3 branches of the dungeon, and saw 13 of its levels.
You also visited: Ossuary.

You collected 3419 gold pieces.
You spent 1193 gold pieces at shops.
You paid 760 gold pieces to Gozag.

Inventory:

Hand Weapons
 a - a +2 rapier of flaming (weapon)
 n - a +4 scimitar
 o - a +1 dagger of electrocution
 s - a +1 flail of protection
 L - a +5 trident of pain
Missiles
 e - 19 poisoned darts
 l - 64 arrows
 p - 4 throwing nets
 F - 3 curare-tipped darts (quivered)
 G - 75 bolts
 H - 8 boomerangs
 T - 21 sling bullets
 V - 5 silver javelins
Armour
 b - a +1 robe (worn)
 c - a +1 hat (worn)
 r - a +0 pair of boots (worn)
 N - a +0 kite shield (worn)
 X - a +2 cloak of willpower (worn)
 Y - the +0 leather armour of Misanthropy {rElec Str-2 Slay-2 Stlth+}
   (You bought it in a shop on level 11 of the Dungeon)

   Str:       It affects your strength (-2).
   Slay:      It affects your accuracy & damage with ranged weapons and melee
   (-2).
   rElec:     It insulates you from electricity.
   Stlth:     It makes you more stealthy.
 Z - a +0 pair of gloves of infusion (worn)
Magical Staves
 y - a staff of conjuration
Jewellery
 f - a +4 ring of evasion (left hand)
 g - a ring of fire
 h - a ring of protection from cold
 i - a ring of flight
 u - a ring of positive energy
 B - a +4 ring of slaying
 Q - a +4 ring of protection (right hand)
 S - the amulet of Gefyos (around neck) {Reflect rF+ rN+ rCorr SH+5}
   (You acquired it on level 10 of the Dungeon)

   [amulet of reflection]

   It reflects blocked missile attacks.
   rF:        It protects you from fire.
   rN:        It protects you from negative energy.
   rCorr:     It protects you from acid and corrosion.
   SH:        It affects your SH (+5).
Wands
 k - a wand of flame (41)
 I - a wand of iceblast (3)
 M - a wand of digging (4)
 U - a wand of paralysis (4)
Scrolls
 m - 3 scrolls of fear
 v - 3 scrolls of teleportation
 A - 2 scrolls of magic mapping
 J - 3 scrolls of immolation
 P - 3 scrolls of identify
 R - 6 scrolls of amnesia
Potions
 d - a potion of heal wounds
 j - a potion of magic {unknown}
 q - 4 potions of might
 t - 2 potions of berserk rage
 w - 4 potions of brilliance
 x - 7 potions of curing
 z - 2 potions of cancellation
 C - 6 potions of haste
 D - a potion of lignification
 E - 2 potions of mutation
 O - a potion of resistance
 W - 5 potions of ambrosia


   Skills:
 - Level 1.7 Dodging
 - Level 1.7 Stealth
 * Level 6.5 Shields
 * Level 10.3 Spellcasting
 - Level 10.2 Conjurations
 - Level 1.0 Summonings
 - Level 5.0 Translocations
 * Level 2.5 Transmutations
 - Level 6.7 Air Magic
 - Level 5.0 Earth Magic
 - Level 7.3 Poison Magic


You had 20 spell levels left.
You knew the following spells:

 Your Spells              Type           Power      Damage    Failure   Level
a - Magic Dart            Conj           100%       1d8       1%          1
b - Stone Arrow           Conj/Erth      80%        3d12      2%          3
c - Blink                 Tloc           60%        N/A       3%          2
d - Mephitic Cloud        Conj/Pois/Air  42%        N/A       1%          3
e - Passwall              Tmut/Erth      20%        N/A       5%          2

Your spell library contained the following spells:

 Spells                   Type           Power      Damage    Failure   Level
 Sandblast                Erth           60%        2d14      2%          1
 Conjure Flame            Conj/Fire      30%        6-21      6%          3
 Gell's Gravitas          Tloc           30%        N/A       7%          3
 Teleport Other           Tloc           30%        N/A       7%          3
 Ignite Poison            Fire/Tmut/Pois 23%        N/A       14%         3
 Call Imp                 Summ           14%        N/A       17%         2
 Pain                     Necr           40%        1d6       19%         1
 Slow                     Hex            40%        N/A       19%         1
 Sublimation of Blood     Necr           10%        N/A       26%         2
 Irradiate                Conj/Tmut      17%        3d19      34%         5
 Petrify                  Tmut/Erth      25%        N/A       36%         4
 Freezing Cloud           Conj/Ice/Air   16%        6-21      43%         5
 Dispersal                Tloc           15%        N/A       98%         6
 Agony                    Necr           10%        N/A       99%         5
 Excruciating Wounds      Necr           5%         N/A       99%         5


Dungeon Overview and Level Annotations

Branches:
Dungeon (11/15)            Temple (1/1) D:4            Lair (0/6) D:8
    Orc (1/2) D:9         Ossuary (visited)

Altars:
Ashenzari
Cheibriados
Dithmenos
Elyvilon
Fedhas
Gozag
Hepliaklqana
Kikubaaqudgha
Makhleb
Nemelex Xobeh
Okawaru
Qazlal
Ru
Sif Muna
Trog
Uskayaw
Vehumet
Wu Jian
Xom
Yredelemnul
Zin
The Shining One

Shops:
D:8 ?   D:11 [

Annotations:
D:11 exclusion: 2 doors


Innate Abilities, Weirdness & Mutations

You have large cloven feet.
You are mostly covered in slimy green scales. (AC +3)
You sometimes emit foul miasma when damaged in melee.
You regenerate a little health from kills.


Message History

The orc warlord hits you with a +1 glaive of freezing!
The orc warlord freezes you.
You hit the orc warlord but do no damage.
The orc warlord is severely wounded.
The orc warlord seems less confused.
The orc warlord roars a battlecry!
The orcs go into a battle-frenzy!
The orc warlord hits you but does no damage.
You hit the orc warlord but do no damage.
The orc warlord is severely wounded.
The orc warlord hits you with a +1 glaive of freezing!
The orc warlord freezes you. You block the orc warlord's attack.
Things that are here:
a +0 robe; a +0 dagger
There is a staircase back to the Dungeon, spattered with blood here.
You block the warg's attack.
The orc warlord hits you with a +1 glaive of freezing!!
The orc warlord freezes you!
* * * LOW HITPOINT WARNING * * *
There is a staircase back to the Dungeon, spattered with blood here.
The orc no longer looks unusually strong.
You block the warg's attack. You block the orc's attack.
You climb upwards.
Welcome back to the Dungeon!
There is a staircase to the Orcish Mines, spattered with blood here.
Casting: Stone Arrow (mildly dangerous; 2% risk of failure)
Confirm with . or Enter, or press ? or * to list all spells.
You blink.
Casting: Blink (safe; 3% risk of failure)
Confirm with . or Enter, or press ? or * to list all spells.
Aiming: Mephitic Cloud (safe; 1% risk of failure)
Press: ? - help, Shift-Dir - straight line, f - you
Okay, then.
You feel stable enough to blink again. You block the warg's attack.
You block the warg's attack. You block the orc warlord's attack.
The warg closely misses you.
The orc warlord hits you from afar with a +1 glaive of freezing!!
You die...
Your body crumbles into a pile of gold.

#......# #................#...
#......###....................
#...............#####.##.#....
#......###.......##........###
#......# #...............#####
##############................
##......##.#####......####
##......h.#.# #........#$
#.........@.# #......###$
#......[o...# #....#..##$
#..[........# #........#$
#.[.).))....# #...##...#$
#..[......).# #...##.#.#.
##)[.......)#####...##...#.
##>.[...[.<.........##..##.
#)........#########.##..##§
####...[....#..≈≈≈≈≈..###.###§


You could see an orc warlord and a warg.

Vanquished Creatures
  An orc warlord (D:9)
  7 two-headed ogres
  Pikel (D:9)
  An orc knight (Orc:1)
  Joseph (D:10)
  Maggie (D:6)
  3 trolls
  A queen bee (D:10)
  3 wyverns
  A wraith (D:11)
  14 yaks
  Eustachio (D:6)
  5 vampire mosquitoes
  11 wargs
  2 acid dragons (D:10)
  2 water moccasins
  21 orc warriors
  An ice beast (D:5)
  2 sky beasts (D:5)
  2 necrophages
  4 centaurs
  3 ogres
  4 wolves (D:9)
  2 kobold brigands
  Blork the orc (D:6)
  4 bullfrogs
  3 gnoll sergeants
  3 scorpions
  2 water moccasin skeletons (D:4)
  34 killer bees
  3 wights (D:8)
  3 howler monkeys
  5 centaur zombies
  2 hounds
  3 jellies
  15 orc priests
  A bullfrog skeleton (D:5)
  19 orc wizards
  2 killer bee zombies
  2 hound zombies
  13 mummies (Ossuary)
  2 howler monkey zombies
  19 gnolls
  4 adders
  A shadow imp (D:8)
  A white imp (D:6)
  An adder skeleton (D:4)
  5 dart slugs
  65 orcs
  2 ball pythons
  4 bats
  6 endoplasms
  3 giant cockroaches
  3 hobgoblins
  4 jackals (D:1)
  22 kobolds
  4 quokkas
  6 frilled lizards
  2 gnoll skeletons (Ossuary)
  8 goblins
  3 goblin skeletons (Ossuary)
  A kobold skeleton (Ossuary)
  2 orc skeletons (Ossuary)
  3 rats
  11 rat skeletons (Ossuary)
391 creatures vanquished.

Vanquished Creatures (collateral kills)
  A yak (D:10)
  2 killer bees
3 creatures vanquished.

Vanquished Creatures (others)
  2 killer bees (D:10)
  9 fungi (D:8)
  7 plants
18 creatures vanquished.

Grand Total: 412 creatures vanquished

Notes
Turn   | Place    | Note
-------+----------+-------------------------------------------
     0 | D:1      | DungeonMaster the Demonspawn Hedge Wizard began the quest
                  | for the Orb.
     0 | D:1      | Reached XP level 1. HP: 13/13 MP: 4/4
   259 | D:1      | Gained mutation: You regenerate a little health from kills.
                  | [demonic ancestry]
   259 | D:1      | Reached XP level 2. HP: 19/19 MP: 3/6
   866 | D:1      | Gained mutation: You may rarely emit foul miasma when
                  | damaged in melee. [demonic ancestry]
   866 | D:1      | Reached XP level 3. HP: 24/24 MP: 5/8
   924 | D:1      | Found a faded altar of an unknown god.
  1708 | D:2      | Learned a level 2 spell: Blink
  1712 | D:2      | Learned a level 3 spell: Mephitic Cloud
  1920 | D:2      | You fall into a shaft and drop 1 floor!
  2259 | D:3      | Noticed an ogre
  2748 | D:3      | Reached skill level 1 in Air Magic
  2748 | D:3      | Reached skill level 1 in Poison Magic
  2748 | D:3      | Gained mutation: You are partially covered in slimy green
                  | scales. (AC +2) [demonic ancestry]
  2748 | D:3      | Reached XP level 4. HP: 30/30 MP: 1/9
  2849 | D:3      | Found a blossoming altar of Fedhas.
  3189 | D:3      | Killed an ogre
  3190 | D:3      | Reached XP level 5. HP: 35/35 MP: 6/11
  3456 | D:4      | Gained mutation: You sometimes emit foul miasma when
                  | damaged in melee. [demonic ancestry]
  3456 | D:4      | Reached XP level 6. HP: 41/41 MP: 4/12
  3972 | D:4      | Found a staircase to the Ecumenical Temple.
  3993 | Temple   | Entered the Ecumenical Temple
  4467 | D:4      | Reached XP level 7. HP: 39/46 MP: 1/14
  4688 | D:5      | Entered Level 5 of the Dungeon
  4928 | D:5      | Reached skill level 5 in Spellcasting
  5111 | D:5      | Found a stormy altar of Qazlal.
  5210 | D:5      | Gained mutation: You have large cloven feet. [demonic
                  | ancestry]
  5210 | D:5      | Reached XP level 8. HP: 30/52 MP: 8/16
  5214 | D:5      | Reached skill level 5 in Conjurations
  5716 | D:4      | Reached skill level 5 in Poison Magic
  6124 | D:5      | Gained mutation: You are mostly covered in slimy green
                  | scales. (AC +3) [demonic ancestry]
  6124 | D:5      | Reached XP level 9. HP: 54/57 MP: 10/18
  6197 | D:6      | Found a sand-covered staircase.
  6351 | Ossuary  | Entered an ossuary
  6378 | Ossuary  | Reached skill level 5 in Air Magic
  7204 | D:6      | Noticed Eustachio
  7213 | D:6      | Killed Eustachio
  7408 | D:6      | Noticed Maggie
  7429 | D:6      | Killed Maggie
  7546 | D:6      | Noticed Blork the orc
  7557 | D:6      | Killed Blork the orc
  7691 | D:7      | Learned a level 3 spell: Stone Arrow
  8402 | D:7      | Found an opulent altar of Gozag.
  8404 | D:7      | Found a radiant altar of Vehumet.
  8414 | D:7      | Became a worshipper of Gozag Ym Sagoz the Greedy
  9368 | D:8      | Identified the +5 whip of Ecusaxu {antimagic, *Corrode
                  | *Slow Str+5 Int+10}
  9546 | D:8      | Found a hide-covered altar of Uskayaw.
  9546 | D:8      | Noticed a +0 spear
  9546 | D:8      | Noticed a +0 spear
  9546 | D:8      | Noticed a +0 falchion
  9546 | D:8      | Noticed a +0 dagger
  9547 | D:8      | Noticed a +0 short sword
  9548 | D:8      | Noticed a +0 dagger
  9550 | D:8      | Noticed a +0 short sword
  9550 | D:8      | Noticed a +0 falchion
  9659 | D:8      | Reached XP level 10. HP: 47/63 MP: 6/21
 10173 | D:8      | Found a staircase to the Lair.
 10225 | D:8      | Found Noenuh's Magic Scroll Shop.
 10259 | D:8      | Bought a scroll of magic mapping for 49 gold pieces
 10259 | D:8      | Bought a scroll of teleportation for 42 gold pieces
 10259 | D:8      | Bought a scroll of teleportation for 42 gold pieces
 10389 | D:8      | Found a shadowy altar of Dithmenos.
 10391 | D:8      | Found a shimmering altar of Xom.
 10788 | D:9      | Reached skill level 1 in Translocations
 11161 | D:9      | Found a hazy altar of Hepliaklqana.
 11235 | D:8      | Bought a scroll of identify for 28 gold pieces
 11235 | D:8      | Bought a scroll of identify for 28 gold pieces
 11235 | D:8      | Bought a scroll of identify for 28 gold pieces
 11235 | D:8      | Bought a scroll of enchant armour for 105 gold pieces
 11235 | D:8      | Bought a scroll of amnesia for 49 gold pieces
 11279 | D:9      | Found a staircase to the Orcish Mines.
 11439 | D:9      | Reached skill level 1 in Shields
 11439 | D:9      | Reached skill level 1 in Earth Magic
 11748 | D:9      | Noticed a two-headed ogre
 11748 | D:9      | Noticed a two-headed ogre
 12072 | D:9      | Killed a two-headed ogre
 12343 | D:9      | Noticed a two-headed ogre
 12362 | D:9      | Killed a two-headed ogre
 12518 | D:9      | Noticed Pikel
 12532 | D:9      | Killed Pikel
 12533 | D:9      | Reached XP level 11. HP: 66/68 MP: 0/23
 12731 | D:9      | Killed a two-headed ogre
 13136 | D:10     | Entered Level 10 of the Dungeon
 13547 | D:10     | Noticed Joseph
 13562 | D:10     | Killed Joseph
 15355 | D:10     | Identified a scroll of acquirement
 15355 | D:10     | Acquired the amulet of Gefyos {Reflect rF+ rN+ rCorr SH+5}
 15392 | D:10     | Learned a level 2 spell: Passwall
 15395 | D:11     | Noticed a boulder beetle
 15580 | D:11     | Acquired 587 gold pieces
 15670 | D:11     | Bought a runed cloak for 240 gold pieces
 15670 | D:11     | Bought a fading leather armour for 224 gold pieces
 15670 | D:11     | Identified the +0 leather armour of Misanthropy {rElec
                  | Str-2 Slay-2 Stlth+} (You bought it in a shop on level 11
                  | of the Dungeon)
 15670 | D:11     | Bought a pair of runed gloves for 240 gold pieces
 15785 | D:11     | Bought a glowing robe for 118 gold pieces
 16339 | D:11     | Noticed a boulder beetle
 16529 | Orc:1    | Entered Level 1 of the Orcish Mines
 16651 | Orc:1    | Noticed a two-headed ogre
 16665 | D:9      | Reached skill level 5 in Translocations
 16719 | D:9      | Killed a two-headed ogre
 16936 | D:9      | Reached skill level 5 in Earth Magic
 17228 | Orc:1    | Noticed an orc warlord
 17242 | D:9      | Reached XP level 12. HP: 67/74 MP: 5/25
 17361 | D:9      | Reached skill level 5 in Shields
 17844 | D:9      | Killed an orc warlord
 17845 | D:9      | Reached skill level 10 in Conjurations
 18647 | Orc:1    | Noticed a two-headed ogre
 18661 | Orc:1    | Killed a two-headed ogre
 18928 | Orc:1    | Noticed a two-headed ogre
 19045 | Orc:1    | Killed a two-headed ogre
 19046 | Orc:1    | Reached skill level 10 in Spellcasting
 19046 | Orc:1    | Reached skill level 1 in Transmutations
 19263 | Orc:1    | Noticed a two-headed ogre
 19270 | Orc:1    | Killed a two-headed ogre
 20202 | Orc:1    | Noticed an orc warlord
 20261 | D:9      | Mangled by an orc warlord

Illustrated notes

Levels and vault maps discovered:
D:1:      dpeg_arrival_simpleton_a, layout_rooms,
          chequers_ecumenical_altar_island, kennysheep_decorative_pillar
D:2:      wad_lake_hut, layout_basic, serial_glass, glass_columns_a,
          glass_columns_a, glass_columns_c, glass_columns_a, glass_columns_a
D:3:      layout_loops_ring, mainiacjoe_overflow_cross_hatched, fountainhead,
          minivault_11, minmay_misc_feat_tower, mrwooster_statue_mirror
D:4:      layout_gridville, minmay_temple_entry_waves, kennysheep_generic_room_7
D:5:      layout_gridville, lemuel_doored_altar
D:6:      layout_rooms, nicolae_ossuary_entry_ruins, uniq_maggie,
          uniq_blork_the_orc, uniq_eustachio
D:7:      layout_layer_cave, mainiacjoe_overflow_large_starburst, minivault_5,
          kennysheep_small_spiral
D:8:      layout_basic, nicolae_uskayaw_en_pointe, jmf_multi_god_temple,
          grunt_lair_entry_orc_guard_hut, serial_shops, nicolae_lakefront_shop
D:9:      lemuel_ice_spiral_2, layout_rooms, mainiacjoe_overflow_paths,
          mainiacjoe_overflow_alcove_1, orc_0_dummy, uniq_pikel
D:10:     layout_loops_cross, special_room [special_room_bee], uniq_joseph
D:11:     layout_roguey [special_room_orc]
Temple:   dshaligram_water_room_temple
Orc:1:    cheibrodos_orc_guarddog, layout_caves, mines5_lemuel

Skill      XL: |  1  2  3  4  5  6  7  8  9 10 11 12 |
---------------+-------------------------------------+-----
Conjurations   | 2 3 4 6 7 8 9 10 | 10.2
Air Magic      | 1 2 3 4 6 |  6.7
Poison Magic   | 1 2 3 4 5 6 7 |  7.3
Spellcasting   | 4 5 6 7 8 9 10 | 10.3
Translocations | 3 5 |  5.0
Shields        | 2 4 6 |  6.5
Earth Magic    | 2 5 |  5.0
Transmutations | 2 |  2.5
Dodging        | |  1.7
Stealth        | |  1.7
Summonings     | |  1.0

Action                   |  1- 3 |  4- 6 |  7- 9 | 10-12 || total
-------------------------+-------+-------+-------+-------++-------
Melee: Dagger            |    52 |       |       |     5 ||    57
       Staff             |       |     6 |    11 |       ||    17
       Rapier            |       |    25 |   229 |   273 ||   527
       Kick              |       |       |     7 |       ||     7
       Punch             |       |       |     1 |     1 ||     2
Throw: Dart              |       |       |       |     4 ||     4
 Cast: Magic Dart        |   100 |    80 |   208 |   244 ||   632
       Mephitic Cloud    |       |     3 |    27 |    88 ||   118
       Stone Arrow       |       |       |       |   200 ||   200
       Blink             |       |       |       |    10 ||    10
Invok: Call Merchant     |       |       |       |     1 ||     1
Evoke: Wand              |       |       |       |    11 ||    11
  Use: Scroll            |     2 |     5 |    12 |     5 ||    24
 Stab: Confused          |       |     3 |    15 |    21 ||    39
       Sleeping          |       |       |     5 |       ||     5
       Distracted        |       |       |       |     1 ||     1
Armor: Robe              |    16 |    10 |    70 |   142 ||   238
Dodge: Dodged            |    42 |    38 |   203 |   294 ||   577
Block: Buckler           |       |       |       |    44 ||    44
       Kite shield       |       |       |       |   168 ||   168
       Reflection        |       |       |       |     3 ||     3
